 Dungeon Crawl Stone Soup version 0.21-a0-201-g8501b10 (console) character file.

9 Duffy the Caller (level 2, 19/19 HPs)
             Began as a Barachi Summoner on Aug 18, 2017.
             Was a Follower of Dithmenos.
             Quit the game on level 2 of the Dungeon.
             The game lasted 00:01:21 (972 turns).

Duffy the Caller (Barachi Summoner)                  Turns: 972, Time: 00:01:21

Health: 19/19      AC:  2    Str:  9    XL:     2   Next: 12%
Magic:  5/5        EV: 12    Int: 15    God:    Dithmenos [*.....]
Gold:   62         SH:  0    Dex: 12    Spells: 2/5 levels left

rFire    . . .     SeeInvis .   (no weapon)
rCold    . . .     Gourm    .   (no shield)
rNeg     . . .     Faith    .   a - +0 robe
rPois    .         Spirit   .   (no helmet)
rElec    .         Reflect  .   (no cloak)
rCorr    .         Harm     .   (no gloves)
MR       .....                  (no boots)
Stlth    ++........             j - amulet of rage (curse)
HPRegen  0.06/turn              (no ring)
MPRegen  0.09/turn              (no ring)

@: wreathed by umbra, slow
A: +LOS, swims, slowness 1, strong legs 1
a: Hop, Renounce Religion, Evoke Berserk Rage


You were on level 2 of the Dungeon.
You worshipped Dithmenos.
Dithmenos was aware of your devotion.
You were not hungry.

You visited 1 branch of the dungeon, and saw 2 of its levels.

You collected 62 gold pieces.

Inventory:

Armour
 a - a +0 robe (worn)
 d - a +0 crystal plate armour
Jewellery
 e - an uncursed ring of fire
 j - a cursed amulet of rage (around neck)
Scrolls
 k - 3 scrolls of identify {unknown}
Potions
 f - a potion of invisibility {unknown}
 g - a potion of brilliance {unknown}
 i - 2 potions of haste {unknown}
Books
 b - a book of Callings

   Spells                             Type                      Level
   a - Summon Small Mammal            Summoning                    1
   b - Call Imp                       Summoning                    2
   c - Call Canine Familiar           Summoning                    3
   d - Summon Guardian Golem          Hexes/Summoning              3
   e - Summon Lightning Spire         Summoning/Air                4
   f - Summon Ice Beast               Ice/Summoning                4
Comestibles
 c - 4 bread rations
 h - a royal jelly


   Skills:
 - Level 2.1 Dodging
 - Level 1.7 Stealth
 + Level 2.4 Spellcasting
 * Level 5.2 Summonings


You had 2 spell levels left.
You knew the following spells:

 Your Spells              Type           Power        Failure   Level  Hunger
a - Summon Small Mammal   Summ           ###.         2%          1    #......
h - Call Imp              Summ           ###.....     3%          2    ###....


Dungeon Overview and Level Annotations

Branches:
Dungeon (2/15)

Altars:
Dithmenos


Innate Abilities, Weirdness & Mutations

Shadows flee at your approach. (+LOS)
You can swim through water.
You cover ground slowly.
You can hop short distances.


Message History

The hobgoblin hits your white imp with a club.
Your white imp hits the hobgoblin.
The hobgoblin dies!
You swap places.
You see here a club.
Found a dented golden amulet.
There is a faded altar of an unknown god here.
You cannot tell which god this altar belongs to.
Convert to them anyway?
Dithmenos accepts your prayer! Dithmenos welcomes you!
You are shrouded in an aura of darkness!
You swap places.
j - a dented golden amulet Put on which piece of jewellery? (? for menu, Esc to quit)
Oops, that amulet feels deathly cold.
j - a cursed amulet of rage (around neck)
You swap places.
You swap places.
You swap places.
Are you sure you want to abandon this character and quit the game? (Confirm with "yes".)

.######.#<# #.#
#.#.# #.# #.#.# #.#
#.#.# #.######
#.#.# #>)....##
..#.. #...8...#
####. #..8_8..##
.#########...8....#
#...5@.........#.#
#.############.# #
.# .# #


You could see a friendly white imp.

Vanquished Creatures (collateral kills)
  A dart slug (D:1)
  A bat (D:1)
  A giant cockroach (D:1)
  A hobgoblin (D:2)
  A jackal (D:1)
  A frilled lizard (D:1)
  2 goblins (D:1)
  2 kobolds (D:1)
  2 rats (D:1)
12 creatures vanquished.

Notes
Turn   | Place    | Note
-------+----------+-------------------------------------------
     0 | D:1      | Duffy the Barachi Summoner began the quest for the Orb.
     0 | D:1      | Reached XP level 1. HP: 13/13 MP: 3/3
   136 | D:1      | Reached skill level 5 in Summonings
   485 | D:1      | Reached XP level 2. HP: 19/19 MP: 1/5
   611 | D:1      | Learned a level 2 spell: Call Imp
   947 | D:2      | Found a faded altar of an unknown god.
   957 | D:2      | Became a worshipper of Dithmenos the Shadowed
   957 | D:2      | Reached * piety under Dithmenos
   972 | D:2      | Quit the game

Vault maps used:
D:1:      mrwooster_arrival_statue
D:2:      chequers_ecumenical_altar_simple

Skill      XL: |  1 |
---------------+----+-----
Summonings     | 5 |  5.2
Dodging        | |  2.1
Stealth        | |  1.7
Spellcasting   | |  2.4

Action                   || total
-------------------------++-------
 Cast: Summon Small Mamm ||    29
       Call Imp          ||     1
  Eat: Chunk             ||     1
Armor: Robe              ||     5
Dodge: Dodged            ||    10
